| TOP OF THE 1ST |
|
Greeneville Astros batting - Pitching for Baltimore (APP) Orioles : RHP Yuji Higashi
|
|
Pitching: RHP Yuji Higashi
|
|
|
Batting: RHB Bill Borden
|
0-0: Ground out 6-3 (Groundball, 56D, EV 103.1 MPH)
|
|
Batting: SHB Rory Mozer
|
0-0: Called Strike 0-1: Swinging Strike 0-2: Ground out 4-3 (Groundball, 4, EV 104.4 MPH)
|
|
Batting: RHB Hugo Priego
|
0-0: Foul Ball, location: 2F 0-1: Called Strike 0-2: Ball 1-2: Strikes out looking
|
| Top of the 1st over - 0 runs, 0 hits, 0 errors, 0 left on base; Greeneville 0 - Baltimore (APP) 0 |
| BOTTOM OF THE 1ST |
|
Baltimore (APP) Orioles batting - Pitching for Greeneville Astros : RHP David Sanchez
|
|
Pitching: RHP David Sanchez
|
|
|
Batting: LHB Edwin Cabral
|
0-0: Foul Ball, location: 2F 0-1: Foul Ball, location: 2F 0-2: Foul Ball, location: 2F 0-2: TRIPLE (Flyball, 78XD, EV 91.2 MPH)
|
|
Batting: LHB Chris Cohen
|
0-0: Ball 1-0: Foul Ball, location: 2F 1-1: Swinging Strike 1-2: Foul Ball, location: 2F 1-2: Foul Ball, location: 2F 1-2: Ball 2-2: Ball 3-2: Foul Ball, location: 2F 3-2: Fly out, F9 (Line Drive, 9, EV 90.6 MPH) Runner from 3rd tags up, SCORES, throw by RF
|
|
Batting: RHB Michael Powell
|
0-0: Ball 1-0: Foul Ball, location: 2F 1-1: Foul Ball, location: 2F 1-2: Ball 2-2: Strikes out swinging
|
|
Batting: LHB Robert Ortiz
|
0-0: Ball 1-0: Foul Ball, location: 2F 1-1: Ball 2-1: Ball 3-1: Base on Balls
|
|
Batting: LHB Ivan Alvarez
|
0-0: Called Strike 0-1: Swinging Strike 0-2: Strikes out looking
|
| Bottom of the 1st over - 1 run, 1 hit, 0 errors, 1 left on base; Greeneville 0 - Baltimore (APP) 1 |
| TOP OF THE 2ND |
|
Greeneville Astros batting - Pitching for Baltimore (APP) Orioles : RHP Yuji Higashi
|
|
Batting: RHB Jamie Walker
|
0-0: Ball 1-0: Ball 2-0: Called Strike 2-1: Ground out 6-3 (Groundball, 6, EV 103.8 MPH)
|
|
Batting: LHB Bert Middleton
|
0-0: Called Strike 0-1: Called Strike 0-2: Strikes out swinging
|
|
Batting: RHB Tim Williams
|
0-0: Called Strike 0-1: Fly out, F7 (Flyball, 78D, EV 89.4 MPH)
|
| Top of the 2nd over - 0 runs, 0 hits, 0 errors, 0 left on base; Greeneville 0 - Baltimore (APP) 1 |
| BOTTOM OF THE 2ND |
|
Baltimore (APP) Orioles batting - Pitching for Greeneville Astros : RHP David Sanchez
|
|
Batting: RHB Matt Wallace
|
0-0: Foul Ball, location: 2F 0-1: Foul Ball, location: 2F 0-2: Ball 1-2: Strikes out swinging
|
|
Batting: RHB Pedro Luera
|
0-0: Ball 1-0: Ball 2-0: Foul Ball, location: 2F 2-1: Ball 3-1: Base on Balls
|
|
Batting: RHB Jeff Parlo
|
0-0: Foul Ball, location: 2F 0-1: Ball 1-1: Fielders Choice at 2nd, 1-6 (Groundball, 13, EV 68.8 MPH)
|
|
Batting: RHB Tyler Cohen
|
0-0: Fly out, F7 (Flyball, 7D, EV 97.5 MPH)
|
| Bottom of the 2nd over - 0 runs, 0 hits, 0 errors, 1 left on base; Greeneville 0 - Baltimore (APP) 1 |
| TOP OF THE 3RD |
|
Greeneville Astros batting - Pitching for Baltimore (APP) Orioles : RHP Yuji Higashi
|
|
Batting: RHB Josh Reisner
|
0-0: Ball 1-0: Called Strike 1-1: Foul Ball, location: 2F 1-2: Strikes out looking
|
|
Batting: RHB Mike Brisbin
|
0-0: Ball 1-0: Ball 2-0: Ground out 6-3 (Groundball, 6, EV 85.0 MPH)
|
|
Now at SS: Javier Brizuela
|
|
|
Batting: RHB Fernan Tedeschi
|
0-0: Swinging Strike 0-1: Foul Ball, location: 2F 0-2: Strikes out looking
|
| Top of the 3rd over - 0 runs, 0 hits, 0 errors, 0 left on base; Greeneville 0 - Baltimore (APP) 1 |
| BOTTOM OF THE 3RD |
|
Baltimore (APP) Orioles batting - Pitching for Greeneville Astros : RHP David Sanchez
|
|
Batting: LHB Edwin Cabral
|
0-0: Ball 1-0: Ball 2-0: Called Strike 2-1: Foul Ball, location: 2F 2-2: Ball 3-2: Foul Ball, location: 2F 3-2: Strikes out looking
|
|
Batting: LHB Chris Cohen
|
0-0: Called Strike 0-1: Swinging Strike 0-2: Ball 1-2: Foul Ball, location: 2F 1-2: Foul Ball, location: 2F 1-2: SOLO HOME RUN (Flyball, 9LD, EV 97.5 MPH), Distance : 375 ft
|
|
Batting: RHB Michael Powell
|
0-0: Ball 1-0: Called Strike 1-1: Swinging Strike 1-2: Ball 2-2: Ground out 5-3 (Groundball, 56S, EV 84.4 MPH)
|
|
Batting: LHB Robert Ortiz
|
0-0: Called Strike 0-1: Ball 1-1: Called Strike 1-2: Foul Ball, location: 2F 1-2: Strikes out swinging
|
| Bottom of the 3rd over - 1 run, 1 hit, 0 errors, 0 left on base; Greeneville 0 - Baltimore (APP) 2 |
| TOP OF THE 4TH |
|
Greeneville Astros batting - Pitching for Baltimore (APP) Orioles : RHP Yuji Higashi
|
|
Batting: RHB Bill Borden
|
0-0: Called Strike 0-1: Foul Ball, location: 2F 0-2: Ball 1-2: Ground out 4-3 (Groundball, 4, EV 103.1 MPH)
|
|
Batting: SHB Rory Mozer
|
0-0: Ball 1-0: Called Strike 1-1: Ball 2-1: Fly out, F7 (Line Drive, 7S, EV 88.8 MPH)
|
|
Batting: RHB Hugo Priego
|
0-0: Ground out 1-3 (Groundball, 15S, EV 68.8 MPH)
|
| Top of the 4th over - 0 runs, 0 hits, 0 errors, 0 left on base; Greeneville 0 - Baltimore (APP) 2 |
| BOTTOM OF THE 4TH |
|
Baltimore (APP) Orioles batting - Pitching for Greeneville Astros : RHP David Sanchez
|
|
Batting: RHB Javier Brizuela
|
0-0: Ball 1-0: Ball 2-0: Called Strike 2-1: Ball 3-1: Base on Balls
|
|
Batting: RHB Matt Wallace
|
0-0: Ball 1-0: Foul Ball, location: 2F 1-1: Foul Ball, location: 2F 1-2: Strikes out looking
|
|
Batting: RHB Pedro Luera
|
0-0: Ball Javier Brizuela steals 2nd base 1-0: SINGLE (Groundball, 6MS, EV 68.1 MPH) (infield hit) Javier Brizuela to third
|
|
Batting: RHB Jeff Parlo
|
0-0: SINGLE (Groundball, 6D, EV 103.1 MPH) Javier Brizuela scores Pedro Luera to second
|
|
Batting: RHB Tyler Cohen
|
0-0: Foul Ball, location: 2F 0-1: Fly out, F4 (Popup, 4S, EV 68.1 MPH)
|
|
Batting: LHB Edwin Cabral
|
0-0: Ball 1-0: Ball 2-0: Ball 3-0: Called Strike 3-1: Base on Balls Pedro Luera to third Jeff Parlo to second
|
|
Pitching: RHP Ernie Bell
|
|
|
Batting: LHB Chris Cohen
|
0-0: SINGLE (Groundball, 4MD, EV 111.2 MPH) Pedro Luera scores Jeff Parlo to third Edwin Cabral to second Runner from 3rd tries for Home, SAFE, throw by CF to home
|
|
Batting: RHB Michael Powell
|
0-0: Ball 1-0: Foul Ball, location: 2F 1-1: DOUBLE (Flyball, 89D, EV 102.5 MPH) Edwin Cabral scores Chris Cohen to third Runner from 3rd tries for Home, throw by RF and OUT! 9-4-2
|
| Bottom of the 4th over - 4 runs, 4 hits, 0 errors, 1 left on base; Greeneville 0 - Baltimore (APP) 6 |
| TOP OF THE 5TH |
|
Greeneville Astros batting - Pitching for Baltimore (APP) Orioles : RHP Yuji Higashi
|
|
Batting: RHB Jamie Walker
|
0-0: Called Strike 0-1: Ball 1-1: Foul Ball, location: 2F 1-2: Strikes out swinging
|
|
Batting: LHB Bert Middleton
|
0-0: Called Strike 0-1: Ball 1-1: Ball 2-1: Swinging Strike 2-2: Ball 3-2: Ground out 4-3 (Groundball, 4M, EV 88.1 MPH)
|
|
Batting: RHB Tim Williams
|
0-0: Called Strike 0-1: Foul Ball, location: 2F 0-2: Ball 1-2: Strikes out swinging
|
| Top of the 5th over - 0 runs, 0 hits, 0 errors, 0 left on base; Greeneville 0 - Baltimore (APP) 6 |
| BOTTOM OF THE 5TH |
|
Baltimore (APP) Orioles batting - Pitching for Greeneville Astros : RHP Ernie Bell
|
|
Batting: LHB Robert Ortiz
|
0-0: Ball 1-0: Ball 2-0: Ball 3-0: Called Strike 3-1: Foul Ball, location: 2F 3-2: Foul Ball, location: 2F 3-2: Strikes out swinging
|
|
Batting: RHB Javier Brizuela
|
0-0: Foul Ball, location: 2F 0-1: Ground out 6-3 (Groundball, 56, EV 105.0 MPH)
|
|
Batting: RHB Matt Wallace
|
0-0: Foul Ball, location: 2F 0-1: Ball 1-1: Swinging Strike 1-2: Strikes out swinging
|
| Bottom of the 5th over - 0 runs, 0 hits, 0 errors, 0 left on base; Greeneville 0 - Baltimore (APP) 6 |
| TOP OF THE 6TH |
|
Greeneville Astros batting - Pitching for Baltimore (APP) Orioles : RHP Yuji Higashi
|
|
Batting: RHB Josh Reisner
|
0-0: Fly out, F8 (Flyball, 8LD, EV 103.1 MPH)
|
|
Batting: RHB Mike Brisbin
|
0-0: Foul Ball, location: 2F 0-1: Foul Ball, location: 2F 0-2: Strikes out swinging
|
|
Batting: RHB Fernan Tedeschi
|
0-0: Swinging Strike 0-1: Foul Ball, location: 2F 0-2: Ball 1-2: Strikes out swinging
|
| Top of the 6th over - 0 runs, 0 hits, 0 errors, 0 left on base; Greeneville 0 - Baltimore (APP) 6 |
| BOTTOM OF THE 6TH |
|
Baltimore (APP) Orioles batting - Pitching for Greeneville Astros : RHP Ernie Bell
|
|
Batting: RHB Pedro Luera
|
0-0: Called Strike 0-1: Ball 1-1: Ball 2-1: Fly out, F9 (Flyball, 89M, EV 83.8 MPH)
|
|
Batting: RHB Jeff Parlo
|
0-0: Swinging Strike 0-1: Foul Ball, location: 2F 0-2: Ball 1-2: Ball 2-2: Foul Ball, location: 2F 2-2: SINGLE (Groundball, P, EV 98.8 MPH)
|
|
Batting: RHB Tyler Cohen
|
0-0: Called Strike 0-1: Ball 1-1: Ball 2-1: Foul Ball, location: 2F 2-2: Foul Ball, location: 2F 2-2: Ball 3-2: Foul Ball, location: 2F 3-2: Strikes out swinging
|
|
Batting: LHB Edwin Cabral
|
0-0: Foul Ball, location: 2F 0-1: Ground out 4-3 (Groundball, 4, EV 111.9 MPH)
|
| Bottom of the 6th over - 0 runs, 1 hit, 0 errors, 1 left on base; Greeneville 0 - Baltimore (APP) 6 |
| TOP OF THE 7TH |
|
Greeneville Astros batting - Pitching for Baltimore (APP) Orioles : RHP Yuji Higashi
|
|
Batting: RHB Bill Borden
|
0-0: Ball 1-0: Ball 2-0: Ball 3-0: Called Strike 3-1: Base on Balls
|
|
Batting: SHB Rory Mozer
|
0-0: Ball 1-0: Called Strike 1-1: Ball 2-1: Swinging Strike 2-2: Fly out, F8 (Line Drive, 8RM, EV 103.1 MPH)
|
|
Batting: RHB Hugo Priego
|
0-0: Ball 1-0: Ball 2-0: Ball 3-0: Base on Balls Bill Borden to second
|
|
Batting: RHB Jamie Walker
|
0-0: Ball 1-0: Called Strike 1-1: Swinging Strike 1-2: Ball 2-2: Strikes out looking
|
|
Batting: LHB Bert Middleton
|
0-0: Foul Ball, location: 2F 0-1: Foul Ball, location: 2F 0-2: Foul Ball, location: 2F 0-2: Ground out U3 (Groundball, 3, EV 93.1 MPH)
|
| Top of the 7th over - 0 runs, 0 hits, 0 errors, 2 left on base; Greeneville 0 - Baltimore (APP) 6 |
| BOTTOM OF THE 7TH |
|
Baltimore (APP) Orioles batting - Pitching for Greeneville Astros : RHP Ernie Bell
|
|
Batting: LHB Chris Cohen
|
0-0: Reached on error, E5 (Groundball, 5, EV 82.5 MPH)
|
|
Batting: RHB Michael Powell
|
0-0: Ball 1-0: Ball 2-0: Ball Chris Cohen steals 2nd base 3-0: Base on Balls
|
|
Batting: LHB Robert Ortiz
|
0-0: Fielders Choice at 2nd, 4-6 (Groundball, 4, EV 105.0 MPH) Chris Cohen to third
|
|
Batting: RHB Javier Brizuela
|
0-0: Fly out, F3 (Popup, 34S, EV 82.5 MPH)
|
|
Batting: RHB Matt Wallace
|
0-0: Ball 1-0: Ball 2-0: Ball 3-0: Called Strike 3-1: Foul Ball, location: 2F 3-2: Strikes out swinging
|
| Bottom of the 7th over - 0 runs, 0 hits, 1 error, 2 left on base; Greeneville 0 - Baltimore (APP) 6 |
| TOP OF THE 8TH |
|
Greeneville Astros batting - Pitching for Baltimore (APP) Orioles : RHP Yuji Higashi
|
|
Batting: RHB Tim Williams
|
0-0: Fly out, F9 (Line Drive, 9LM, EV 85.6 MPH)
|
|
Pinch Hitting: LHB Ryan Fridley
|
0-0: Swinging Strike 0-1: Called Strike 0-2: Strikes out swinging
|
|
Batting: RHB Mike Brisbin
|
0-0: Ball 1-0: Ball 2-0: Ball 3-0: Base on Balls
|
|
Batting: RHB Fernan Tedeschi
|
0-0: Called Strike 0-1: Called Strike 0-2: Strikes out swinging
|
| Top of the 8th over - 0 runs, 0 hits, 0 errors, 1 left on base; Greeneville 0 - Baltimore (APP) 6 |
| BOTTOM OF THE 8TH |
|
Baltimore (APP) Orioles batting - Pitching for Greeneville Astros : RHP Ernie Bell
|
|
Now in LF: Ryan Fridley
|
|
|
Now in RF: Jamie Walker
|
|
|
Batting: RHB Pedro Luera
|
0-0: Ball 1-0: Called Strike 1-1: Ball 2-1: Fly out, F8 (Flyball, 8RM, EV 85.6 MPH)
|
|
Batting: RHB Jeff Parlo
|
0-0: Ball 1-0: Foul Ball, location: 2F 1-1: Foul Ball, location: 2F 1-2: Strikes out swinging
|
|
Batting: RHB Tyler Cohen
|
0-0: Ball 1-0: Foul Ball, location: 2F 1-1: Called Strike 1-2: Strikes out swinging
|
| Bottom of the 8th over - 0 runs, 0 hits, 0 errors, 0 left on base; Greeneville 0 - Baltimore (APP) 6 |
| TOP OF THE 9TH |
|
Greeneville Astros batting - Pitching for Baltimore (APP) Orioles : RHP Yuji Higashi
|
|
Batting: RHB Bill Borden
|
0-0: Swinging Strike 0-1: SINGLE (Line Drive, 9S, EV 90.6 MPH)
|
|
Pitching: RHP Hajato Takahashi
|
|
|
Batting: SHB Rory Mozer
|
0-0: Ball 1-0: Called Strike 1-1: Ball 2-1: Swinging Strike 2-2: Strikes out swinging
|
|
Batting: RHB Hugo Priego
|
0-0: Called Strike 0-1: Called Strike 0-2: Foul Ball, location: 2F 0-2: Fielders Choice at 2nd, 1-6 (Groundball, 34S, EV 69.4 MPH)
|
|
Batting: RHB Jamie Walker
|
0-0: Ball Wild Pitch! Hugo Priego to second 1-0: Foul Ball, location: 2F 1-1: Ball 2-1: Called Strike 2-2: Ball 3-2: Fly out, F8 (Flyball, 8LD, EV 94.4 MPH)
|
| Top of the 9th over - 0 runs, 1 hit, 0 errors, 1 left on base; Greeneville 0 - Baltimore (APP) 6 |
|